 Dungeon Sprint DCSS version 0.24.0-123-gd5b16e6ec5 (webtiles) character file.

Game seed: 7709769186802385598, levelgen mode: deterministic

254 McKennaii the Destroyer (level 5, -1/36 (38) HPs)
             Began as a Draconian Conjurer on Jan 26, 2020.
             Slain by a necrophage (6 damage)
             ... in the Dungeon (Sprint II: "The Violet Keep of Menkaure").
             The game lasted 00:00:23 (35 turns).

McKennaii the Destroyer (Draconian Conjurer)          Turns: 35, Time: 00:00:24

HP:   -1/36 (38)    AC:  5    Str: 11    XL:     5   Next: 90%
MP:   0/12          EV: 13    Int: 16    God:
Gold: 0             SH:  0    Dex: 11    Spells: 13/14 levels left

rFire    . . .     SeeInvis .   (no weapon)
rCold    . . .     Gourm    .   (no shield)
rNeg     . . .     Faith    .   (armour unavailable)
rPois    .         Spirit   .   (helmet restricted)
rElec    .         Reflect  .   (no cloak)
rCorr    .         Harm     .   (no gloves)
MR       .....     NoTele   +   (no boots)
Stlth    ++........             (no amulet)
HPRegen  0.00/turn              (no ring)
MPRegen  0.13/turn              (no ring)

@: berserk cooldown, non-regenerating, diseased
A: unfitting armour, cold-blooded, AC +5
a: no special abilities


You were in the Dungeon.
You were not hungry.

You visited 1 branch

Inventory:

Scrolls
 h - a scroll of blinking
Potions
 c - a potion of curing
 e - a potion of haste
 f - 2 potions of magic
Comestibles
 b - a ration


   Skills:
 + Level 3.6 Dodging
 + Level 3.1 Stealth
 * Level 5.3 Spellcasting
 + Level 10.7 Conjurations


You had 13 spell levels left.
You knew the following spells:

 Your Spells              Type           Power        Failure   Level  Hunger
a - Magic Dart            Conj           ####         1%          1    None

Your spell library contained the following spells:

 Spells                   Type           Power        Failure   Level  Hunger
 Searing Ray              Conj           #####.       1%          2    #......
 Iskenderun's Mystic Bla  Conj           #####...     1%          4    ####...
 Dazzling Spray           Conj/Hex       ###...       4%          3    ###....
 Force Lance              Conj/Tloc      ###.....     16%         4    ####...
 Fulminant Prism          Conj/Hex       ###.......   16%         4    ####...


Dungeon Overview and Level Annotations

Branches:
Dungeon (1/1)

Altars:


Innate Abilities, Weirdness & Mutations

Your plain brown scales are hard. (AC +5)
You cannot fit into any form of body armour.
You are cold-blooded and may be slowed by cold attacks.


Message History

Confirm with . or Enter, or press ? or * to list all spells.
Aiming: Magic Dart (safe; 1% risk of failure)
Press: ? - help, Shift-Dir - straight line, f/p - necrophage
Aim: a necrophage (heavily damaged)
The magic dart hits the necrophage but does no damage.
The necrophage is heavily damaged.
The necrophage closely misses you.
You hit the necrophage but do no damage.
The necrophage is heavily damaged.
The necrophage barely misses you. The necrophage hits you.
* * * LOW HITPOINT WARNING * * *
You feel your flesh rotting away!
You barely miss the necrophage.
The necrophage is heavily damaged.
The necrophage misses you.
You barely miss the necrophage.
The necrophage is heavily damaged.
You feel yourself speed up. The necrophage hits you.
You die...

# ##. #+#
#...##.##
#$n@<.+
#...##.##
##. #+# #


You could see a necrophage.

Vanquished Creatures
  3 necrophages (D)
3 creatures vanquished.

Notes
Turn   | Place    | Note
-------+----------+-------------------------------------------
     0 | D        | McKennaii the Draconian Conjurer began the quest for the
                  | Orb.
     0 | D        | Reached XP level 1. HP: 14/14 MP: 3/3
     1 | D        | Noticed a necrophage
     1 | D        | Noticed a necrophage
     1 | D        | Noticed a necrophage
     1 | D        | Noticed a necrophage
     7 | D        | Killed a necrophage
     7 | D        | Reached skill level 8 in Conjurations
     7 | D        | Reached XP level 2. HP: 19/19 MP: 3/6
     7 | D        | Reached XP level 3. HP: 25/25 MP: 4/8
     7 | D        | Reached XP level 4. HP: 32/32 MP: 4/9
    10 | D        | Killed a necrophage
    10 | D        | Reached skill level 9 in Conjurations
    10 | D        | Reached XP level 5. HP: 37/37 MP: 4/12
    20 | D        | Killed a necrophage
    20 | D        | Reached skill level 5 in Spellcasting
    20 | D        | Reached skill level 10 in Conjurations
    35 | D        | Slain by a necrophage

Levels and vault maps discovered:
D:        the_violet_keep_of_menkaure [sprint2_stairs_cluster_1,
          sprint2_shoproom, sprint2_temple, sprint2_basic_supplies,
          sprint2_obstacle_1, sprint2_obstacle_4, sprint2_obstacle_2,
          sprint2_obstacle_7, sprint2_obstacle_5, sprint2_timed_cluster_1,
          sprint2_smallroom_cluster_1, sprint2_smallroom_final_cluster_1,
          sprint2_transparent_cluster_1, sprint2_second_timed_cluster_1,
          sprint2_sniper_area_1, sprint2_heavy_combat_area_1,
          sprint2_mutation_trap_area_1, sprint2_forest_area_1,
          sprint2_light_combat_area_1, sprint2_behind_water_1,
          sprint2_near_end_vault_1]

Skill      XL: |  1  2  3  4  5 |
---------------+----------------+-----
Dodging        | 2 3 |  3.6
Stealth        | 2 3 |  3.1
Spellcasting   | 3 4 5 |  5.3
Conjurations   | 8 9 10 | 10.7

Action                   |  1- 3 |  4- 6 || total
-------------------------+-------+-------++-------
Melee: Unarmed           |     4 |    19 ||    23
       Tailslap          |     3 |     8 ||    11
 Cast: Magic Dart        |       |     8 ||     8
  Use: Potion            |     1 |     1 ||     2
Armor: Skin              |       |     2 ||     2
Dodge: Dodged            |     1 |    17 ||    18
